AoeStats
← Dash Kappei

Arabia

507698451Analyzed
1v1 RM · 11d ago on Sep 19, 2026· 46m 5s· 2 players
Game mode
Random Map
Map size
Tiny (2 player)
Population
200
Speed
Normal
Resources
Standard
Victory
Conquest
Starting age
Dark Age
Ending age
Imperial Age
RankedLock teamsTeams togetherTeam positionsShared explorationLock speedFull tech treeHidden civsTurbo modeCheats
Victory
Defeat
🇳🇮 Saracens · Nicaragua
589
+18
🇪🇸 Mongols · Spain
628
-18
SHIBA INU 666
0:30 Loom
10:58 Feudal Age
17:01 Castle Age
15:30 Stone Mining
16:50 Double-Bit Axe
20:33 Horse Collar
25:01 Wheelbarrow
27:23 Murder Holes
28:45 Hand Cart
28:54 Guard Tower
30:27 Scale Barding Armor
30:32 Forging
30:26 Gold Mining
31:04 Ballistics
35:26 Imperial Age
35:37 Imperial Age
33:44 Heavy Plow
34:30 Chain Barding Armor
34:04 Fletching
36:25 Bimaristan
37:00 Husbandry
38:02 Bow Saw
38:29 Gold Shaft Mining
40:17 Bodkin Arrow
40:59 Plate Barding Armor
41:00 Iron Casting
41:57 Two-Man Saw
41:00 Bracer
42:01 Conscription
42:14 Town Watch
43:40 Conscription
42:45 Elite Mameluke
47:14 Blast Furnace
47:16 Chemistry
46:03 Arrowslits
46:53 Keep
46:25 Siege Engineers
Dash Kappei
4:03 Loom
10:52 Feudal Age
11:48 Double-Bit Axe
11:46 Horse Collar
14:16 Wheelbarrow
17:12 Forging
17:35 Bloodlines
19:53 Town Watch
23:32 Castle Age
22:42 Gold Mining
22:42 Stone Mining
24:16 Scale Barding Armor
25:28 Bow Saw
27:20 Light Cavalry
28:31 Squires
32:52 Hand Cart
33:08 Husbandry
34:07 Gold Shaft Mining
34:08 Stone Shaft Mining
34:11 Iron Casting
33:57 Chain Barding Armor
33:16 Elite Skirmisher
33:52 Fletching
34:02 Padded Archer Armor
38:22 Bodkin Arrow
40:16 Pikeman
41:54 Thumb Ring
44:41 Leather Archer Armor
44:27 Scale Mail Armor
46:43 Chain Mail Armor
Connection lost

Rejoining the realm…

Still unreachable

The connection could not be restored.

Session expired

The server has moved on; the page needs a fresh start.